 Dungeon Crawl Stone Soup version 0.32-a0-131-g9dbbe29261 (webtiles) character file.

Game seed: 14495409620893636444

36 Ceno the Chiller (level 3, 0/28 HPs)
             Began as a Naga Ice Elementalist on Feb 9, 2024.
             Slain by a quokka (3 damage)
             ... on level 2 of the Dungeon.
             The game lasted 00:03:21 (1283 turns).

Ceno the Chiller (Naga Ice Elementalist)            Turns: 1283, Time: 00:03:22

Health: 0/28       AC:  3    Str: 10    XL:     3   Next: 37%
Magic:  5/7        EV:  8    Int: 17    God:
Gold:   71         SH:  0    Dex: 11    Spells: 6/7 levels left

rFire   . . .        m - +1 dagger (venom)
rCold   . . .        (no shield)
rNeg    . . .        h - +0 ring mail
rPois   +            (no helmet)
rElec   .            (no cloak)
rCorr   +            (no gloves)
SInv    +            (no barding)
Will    .....        (no amulet)
Stlth   ++           l - ring of resist corrosion
HPRegen 0.24/turn    (no ring)
MPRegen 0.10/turn

%: no passive effects
@: very slow
A: AC +1, large, see invisible, deformed body, poison resistance, slowness 2,
spit poison 1, naga tail 1
a: Spit Poison


You were on level 2 of the Dungeon.
You visited 1 branch of the dungeon, and saw 2 of its levels.

You collected 71 gold pieces.

Inventory:

Hand Weapons
 m - a +1 dagger of venom (weapon)
Missiles
 f - 10 stones (quivered)
Armour
 h - a +0 ring mail (worn)
Jewellery
 l - a ring of resist corrosion (left hand)
Scrolls
 c - a scroll of noise {unknown}
 d - a scroll of brand weapon {unknown}
 i - a scroll of silence {unknown}
 j - a scroll of enchant weapon {unknown}
 n - a scroll of identify {unknown}
Potions
 a - a potion of cancellation {unknown}
 e - a potion of heal wounds {unknown}
 g - 2 potions of curing {unknown}
 k - a potion of resistance {unknown}


   Skills:
 - Level 1.5 Dodging
 + Level 3.8 Stealth
 * Level 2.8 Spellcasting
 + Level 4.2 Ice Magic


You had 6 spell levels left.
You knew the following spells:

 Your Spells              Type           Power      Damage    Failure   Level
a - Freeze                Ice            68%        1d8       8%          1

Your spell library contained the following spells:

 Spells                   Type           Power      Damage    Failure   Level
 Frozen Ramparts          Ice            34%        1d6       24%         3
 Ozocubu's Armour         Ice            17%        N/A       24%         3
 Summon Ice Beast         Ice/Summ       9%         N/A       50%         3


Dungeon Overview and Level Annotations

Branches:
Dungeon (2/15)

Altars:
Ashenzari

Shops:
D:1 [


Innate Abilities, Weirdness & Mutations

Your serpentine skin is tough. (AC +1)
You have supernaturally acute eyesight. (SInv)
Armour fits poorly on your strangely shaped body.
Your system is resistant to poisons. (rPois)
You cover ground very slowly.
You can spit poison.
You have a snake-like lower body.


Message History

Aim: an adder (moderately wounded)
You freeze the adder.
The adder is moderately wounded.
The adder seems to slow down.
The giant cockroach waves its antennae.
The adder bites you.
* * * LOW HITPOINT WARNING * * *
Casting: Freeze (safe; 9% risk of failure)
Confirm with . or Enter, or press ? or * to list all spells.
Aiming: Freeze (safe; 9% risk of failure)
Press: ? - help, Shift-Dir - straight line, f/p - adder
Aim: an adder (moderately wounded, slow)
You freeze the adder.
The adder is severely wounded.
The adder bites you but does no damage.
Unknown command.
Magic courses through your body. The adder closely misses you.
Casting: Freeze (safe; 9% risk of failure)
Confirm with . or Enter, or press ? or * to list all spells.
Aiming: Freeze (safe; 9% risk of failure)
Press: ? - help, Shift-Dir - straight line, f/p - adder
Aim: an adder (severely wounded, slow)
You freeze the adder.
The adder is almost dead.
The adder seems to slow down.
The adder bites you but does no damage.
Unknown command.
Casting: Freeze (safe; 9% risk of failure)
Confirm with . or Enter, or press ? or * to list all spells.
Aiming: Freeze (safe; 9% risk of failure)
Press: ? - help, Shift-Dir - straight line, f/p - adder
Aim: an adder (almost dead, slow)
You freeze the adder.
You kill the adder!
You are too injured to fight recklessly!
You hit the quokka but do no damage.
The quokka is poisoned.
The quokka twitches its whiskers.
The quokka bites you.
* * * LOW HITPOINT WARNING * * *
The quokka bites you.
You die...

+.........+
......... .......
..... ... #l#
#B#### #r##.##
####@#.#.## #
#.........#
.###........##
........#..#
##..##.##..######
#......##.........
#..........#######
#.._...#####
#......#


You could see a quokka (very poisoned), a giant cockroach and a frilled lizard.

Vanquished Creatures
  2 adders (D:2)
  A ribbon worm (D:2)
  4 ball pythons
  3 endoplasms
  A goblin (D:1)
  A hobgoblin (D:1)
  2 kobolds
  2 rats
16 creatures vanquished.

Notes
Turn   | Place    | Note
-------+----------+-------------------------------------------
     0 | D:1      | Ceno the Naga Ice Elementalist began the quest for the Orb.
     0 | D:1      | Reached XP level 1. HP: 15/15 MP: 3/3
    93 | D:1      | Found Ijifa's Antique Armour Shoppe.
   469 | D:1      | Reached XP level 2. HP: 22/22 MP: 5/5
  1202 | D:2      | Found a broken altar of Ashenzari.
  1278 | D:2      | Reached XP level 3. HP: 8/28 MP: 2/7
  1283 | D:2      | Slain by a quokka

Illustrated notes

Levels and vault maps discovered:
D:1:      dpeg_arrival_radiant, layout_basic, serial_shops, shop
D:2:      layout_loops_corners, basic_altar, uniq_jessica

Action                     || total
---------------------------++-------
  Melee: Dagger            ||    10
         Punch             ||     1
   Cast: Freeze            ||    17
Ability: Spit Poison       ||    16
    Use: Potion            ||     1
 Armour: Leather armour    ||     2
         Ring mail         ||    20
  Dodge: Dodged            ||     4

Table legend: (Time is in decaauts)
 A = Elapsed time spent in this place.
 B = Non-inter-level travel time spent in this place.
 C = Inter-level travel time spent in this place.
 D = Time resting spent in this place.
 E = Time spent auto-exploring this place.
 F = Levels seen in this place.
 G = Mean time per level.
                   A        B        C        D        E       F      G
               +--------+--------+--------+--------+--------+-----+--------+
         Total |   1703 |   1667 |     36 |      0 |   1184 |   2 |  851.5 |
       Dungeon |   1703 |   1667 |     36 |      0 |   1184 |   2 |  851.5 |
               +--------+--------+--------+--------+--------+-----+--------+

Top non-repeatable levels by time:
     D:1: 1308 daAuts
     D:2: 394 daAuts
